 Dungeon Crawl Stone Soup version 0.29.0-4-gdea44cf6ec (webtiles) character file.

Game seed: 14950128718480797660

225 qw the Chopper (level 5, 0/46 HPs)
             Began as a Minotaur Fighter on Sept 5, 2022.
             Was an Initiate of Ru.
             Slain by Edmund
             ... wielding a +2 vorpal flail
              (3 damage)
             ... on level 4 of the Dungeon.
             The game lasted 00:01:04 (2850 turns).

qw the Chopper (Minotaur Fighter)                   Turns: 2850, Time: 00:01:04

Health: 0/46       AC: 13    Str: 23    XL:     5   Next: 68%
Magic:  0/4        EV: 11    Int:  5    God:    Ru [......]
Gold:   31         SH:  4    Dex:  9    Spells: 4/4 levels left

rFire   + . .      SeeInvis .   Y - +0 war axe
rCold   . . .      Faith    .   c - +0 buckler
rNeg    . . .      Spirit   +   j - +0 chain mail
rPois   .          Reflect  .   (helmet restricted)
rElec   .          Harm     .   (no cloak)
rCorr   .          Rampage  .   b - +1 pair of gloves of Esozodem {rF+ Will+}
Will    +....                   i - +1 pair of boots
Stlth   ..........              g - amulet of guardian spirit
HPRegen 0.15/turn               l - +4 ring of evasion
MPRegen 0.09/turn               (no ring)

@: no status effects
A: horns 2, retaliatory headbutt
a: Renounce Religion


You were on level 4 of the Dungeon.
You worshipped Ru.
Ru was noncommittal.
You visited 1 branch of the dungeon, and saw 4 of its levels.

You collected 164 gold pieces.
You spent 133 gold pieces at shops.


Innate Abilities, Weirdness & Mutations

You have a pair of horns on your head.
You reflexively headbutt those who attack you in melee.


   Skills:
 + Level 3.8 Fighting
 - Level 7.0 Axes
 - Level 3.6 Armour
 - Level 1.0 Dodging
 - Level 3.6 Shields


You had 4 spell levels left.
You didn't know any spells.
Your spell library was empty.

Inventory:

Hand Weapons
 k - a +2 whip of pain
 Y - a +0 war axe (weapon)
Armour
 b - the +1 pair of gloves of Esozodem (worn) {rF+ Will+}
   (You acquired it on level 2 of the Dungeon)

   rF:        It protects you from fire.
   Will:      It increases your willpower.
 c - a +0 buckler (worn)
 i - a +1 pair of boots (worn)
 j - a +0 chain mail (worn)
Jewellery
 g - an amulet of guardian spirit (around neck)
 l - a +4 ring of evasion (left hand)
Scrolls
 m - a scroll of identify
Potions
 d - a potion of might
 e - a potion of brilliance {unknown}
 f - a potion of haste {unknown}
 h - a potion of mutation {unknown}

Dungeon Overview and Level Annotations

Branches:
Dungeon (4/15)
 Temple: D:4-7

Altars:
Kikubaaqudgha
Ru
Vehumet

Shops:
D:3 ?   D:4 *

Annotations:
D:4 Edmund


Message History

Edmund moves out of view.
Edmund is nearby!
An adder comes into view.
A goblin comes into view. It is wielding a +0 club.
2836 ||| Stepping ~*~*~tactically~*~*~ (stealth).
Edmund is nearby!
Edmund drinks a potion.
Edmund goes berserk!
Edmund rages.
You hear a shout! x2
You hear a shout!
Edmund hits you with a +2 vorpal flail.
You hit Edmund. You headbutt Edmund.
Edmund is lightly wounded.
Edmund completely misses you.
The goblin unwields a +0 club.
The goblin wields a +0 sling.
The goblin shoots a sling bullet.
The sling bullet hits you but does no damage.
Edmund hits you with a +2 vorpal flail!
You hear a shout! x2
You hit Edmund.
Edmund is lightly wounded.
Edmund hits you but does no damage.
The goblin shoots a sling bullet.
The sling bullet closely misses you. Edmund hits you with a +2 vorpal flail!
You hear a shout!
You completely miss Edmund.
Edmund is lightly wounded.
Edmund barely misses you.
The goblin shoots a sling bullet.
You block the sling bullet.
You closely miss Edmund.
Edmund is lightly wounded.
You block Edmund's attack. Edmund hits you but does no damage.
You barely miss Edmund. You headbutt Edmund!
Edmund is moderately wounded.
You block Edmund's attack.
The goblin shoots a sling bullet.
The sling bullet barely misses you. Edmund hits you with a +2 vorpal flail.
The goblin shoots a sling bullet.
The sling bullet hits you but does no damage.
You hit Edmund.
Edmund is moderately wounded.
Edmund hits you with a +2 vorpal flail. Edmund hits you with a +2 vorpal flail!
You die...

# #.#.# #.# #.#.# ..
#.#.### #.##.#...# ###
#.....S#.# #..
####.#.#.### ####.#
#.....#.## #.....
##@...).#.####.##.#
7.@.(g.###....#...#
7..P###.##.#.####.####
#.7.. ####g.## #.# ...
#.## #.# .... #.# #.#
#### #.# #.# .. ..# #.
### #g


You could see Edmund (berserk), an adder (wandering) and a goblin.

Vanquished Creatures
  A hound (D:2)
  An iguana (D:4)
  2 orc wizards (D:3)
  3 gnolls (D:2)
  3 adders
  An ufetubus (D:4)
  A worm (D:3)
  3 dart slugs
  3 orcs (D:3)
  7 ball pythons
  6 bats
  2 endoplasms (D:2)
  5 goblins
  5 hobgoblins
  A quokka (D:1)
  A frilled lizard (D:2)
  4 kobolds
  5 rats
54 creatures vanquished.

Notes
Turn   | Place    | Note
-------+----------+-------------------------------------------
     0 | D:1      | qw the Minotaur Fighter began the quest for the Orb.
     0 | D:1      | Reached XP level 1. HP: 19/19 MP: 0/0
     0 | D:1      | 0 ||| qw: Version: 0.1-a-104-g96f76f8
     0 | D:1      | 0 ||| qw: Game counter: 5910
     0 | D:1      | 0 ||| qw: Always use a shield: true
     0 | D:1      | 0 ||| qw: God list: Ru
     0 | D:1      | 0 ||| qw: Allow faded altars: false
     0 | D:1      | 0 ||| qw: Do Orc after D:15 true
     0 | D:1      | 0 ||| qw: Do second Lair branch before Depths: true
     0 | D:1      | 0 ||| qw: Lair rune preference: random
     0 | D:1      | 0 ||| qw: Plans: Normal
     0 | D:1      | 0 ||| PLANNING D:1-11
    60 | D:1      | 60 ||| Stepping ~*~*~tactically~*~*~ (hiding).
    61 | D:1      | 61 ||| Stepping ~*~*~tactically~*~*~ (hiding).
   209 | D:1      | Reached skill level 3 in Axes
   345 | D:1      | Reached XP level 2. HP: 26/26 MP: 1/1
   572 | D:1      | 572 ||| UPGRADING to +0 pair of boots.
   577 | D:1      | 577 ||| UPGRADING to amulet of guardian spirit.
   582 | D:1      | 582 ||| READING scroll labelled UWITEO DILA.
   683 | D:1      | 683 ||| READING scroll labelled KITAITI ONAPUO.
   913 | D:2      | Reached skill level 4 in Axes
   938 | D:2      | Reached XP level 3. HP: 25/31 MP: 0/2
  1000 | D:2      | 1000 ||| DROPPING +0 club.
  1008 | D:2      | 1008 ||| Stepping ~*~*~tactically~*~*~ (stealth).
  1037 | D:2      | 1037 ||| Stepping ~*~*~tactically~*~*~ (stealth).
  1261 | D:2      | Reached skill level 5 in Axes
  1277 | D:2      | 1277 ||| Stepping ~*~*~tactically~*~*~ (stealth).
  1286 | D:2      | Reached skill level 1 in Dodging
  1297 | D:2      | Reached XP level 4. HP: 39/39 MP: 3/3
  1475 | D:2      | 1475 ||| Stepping ~*~*~tactically~*~*~ (stealth).
  1800 | D:2      | 1800 ||| UPGRADING to +0 chain mail.
  1810 | D:2      | 1810 ||| DROPPING +0 scale mail.
  1811 | D:2      | 1811 ||| READING scroll labelled ZOUCIC EV XUTAHO.
  1811 | D:2      | Identified a scroll of acquirement
  1811 | D:2      | 1811 ||| ACQUIRING +1 pair of gloves of Esozodem {rF+
                  | Will+}
  1811 | D:2      | Acquired the +1 pair of gloves of Esozodem {rF+ Will+}
  1813 | D:2      | 1813 ||| UPGRADING to +1 pair of gloves of Esozodem {rF+
                  | Will+}.
  1862 | D:3      | Reached skill level 6 in Axes
  1862 | D:3      | Reached XP level 5. HP: 23/45 MP: 2/4
  1865 | D:3      | HP: 10/45 [poisoned by an orc]
  1868 | D:3      | HP: 3/45 [poisoned by an orc]
  1871 | D:3      | HP: 1/45 [something/magic dart (1)]
  2277 | D:3      | Found Cohy's Magic Scroll Boutique.
  2280 | D:3      | 2280 ||| BUYING scroll of enchant armour (105 gold).
  2280 | D:3      | Bought a scroll of enchant armour for 105 gold pieces
  2280 | D:3      | 2280 ||| BUYING scroll of identify (28 gold).
  2280 | D:3      | Bought a scroll of identify for 28 gold pieces
  2280 | D:3      | 2280 ||| SHOPLISTING scroll of identify (28 gold, have 7).
  2280 | D:3      | 2280 ||| READING scroll of enchant armour.
  2280 | D:3      | 2280 ||| ENCHANTING +0 pair of boots.
  2338 | D:3      | Found a radiant altar of Vehumet.
  2339 | D:3      | Found an ancient bone altar of Kikubaaqudgha.
  2372 | D:3      | Found a sacrificial altar of Ru.
  2392 | D:3      | Became a worshipper of Ru the Awakened
  2518 | D:3      | 2518 ||| Stepping ~*~*~tactically~*~*~ (stealth).
  2526 | D:3      | 2526 ||| UPGRADING to +4 ring of evasion.
  2527 | D:3      | 2527 ||| DRINKING 2 fizzy silvery potions.
  2528 | D:3      | 2528 ||| DROPPING potion of flight.
  2703 | D:4      | Reached skill level 7 in Axes
  2703 | D:4      | 2703 ||| Stepping ~*~*~tactically~*~*~ (stealth).
  2707 | D:4      | 2707 ||| Stepping ~*~*~tactically~*~*~ (stealth).
  2750 | D:4      | Found Sageosit's General Store.
  2760 | D:4      | 2760 ||| SHOPLISTING +0 cloak (63 gold, have 28).
  2793 | D:4      | 2793 ||| DROPPING +0 whip.
  2820 | D:4      | 2820 ||| Stepping ~*~*~tactically~*~*~ (stealth).
  2833 | D:4      | Noticed Edmund
  2836 | D:4      | 2836 ||| Stepping ~*~*~tactically~*~*~ (stealth).
  2850 | D:4      | HP: 11/46 [Edmund/+2 vorpal flail (1)]
  2850 | D:4      | HP: 3/46 [Edmund/+2 vorpal flail (7)]
  2850 | D:4      | Slain by Edmund

Levels and vault maps discovered:
D:1:      dpeg_arrival_long_road, layout_rooms, serial_curves, eino_curves_03,
          eino_curves_01, eino_curves_03
D:2:      mumra_celtic_spiral_tile, layout_basic, minmay_door_square
D:3:      layout_rooms, mainiacjoe_overflow_boulevard,
          mainiacjoe_overflow_divided_tiny, serial_shops,
          nicolae_shop_behind_doors, item_on_display_a
D:4:      layout_loops_ring, minmay_temple_entry_offerings, serial_shops,
          kennysheep_little_box, hellmonk_ghost_happy_afterlife, serial_demonic,
          serial_demonic_e, serial_demonic_c, serial_demonic_d,
          serial_demonic_d, uniq_eustachio, uniq_edmund, uniq_robin

Skill      XL: |  1  2  3  4  5 |
---------------+----------------+-----
Axes           | 3 4 5 6 7 |  7.0
Dodging        | 1 |  1.0
Fighting       | |  3.8
Armour         | |  3.6
Shields        | |  3.6

Action                   |  1- 3 |  4- 6 || total
-------------------------+-------+-------++-------
Melee: War axe           |    56 |    89 ||   145
       Headbutt          |     8 |    12 ||    20
  Use: Scroll            |     2 |     2 ||     4
       Potion            |       |     1 ||     1
Armor: Scale mail        |    23 |    11 ||    34
       Chain mail        |       |    44 ||    44
Dodge: Dodged            |    36 |    36 ||    72
Block: Buckler           |    11 |    21 ||    32

Table legend:
 A = Non-vault XP
 B = Vault XP
 C = Vault XP percentage of total XP
 D = Non-vault monster count
 E = Vault monster count
 F = Vault count percentage of total count
                 A         B        C        D         E       F
            +---------+---------+-------+---------+---------+-------
      Total |     312 |      10 |   3.1 |      52 |       2 |   3.7
            +---------+---------+-------+---------+---------+-------
        D:1 |      16 |       0 |   0.0 |       7 |       0 |   0.0
        D:2 |     135 |       0 |   0.0 |      28 |       0 |   0.0
        D:3 |     122 |       0 |   0.0 |      14 |       0 |   0.0
        D:4 |      39 |      10 |  20.4 |       3 |       2 |  40.0
            +---------+---------+-------+---------+---------+-------
